Unix NetHack Version 5.0.0-0 post-release - last build Jun 10 2026 00:39:30 (3ee93aec679c4c4259841fe613dc97188e26a321,branch:main).

Game began 2026-06-12 21:18:09, ended 2026-06-12 22:11:51.

ARFwashere, lawful male dwarven Archeologist

                                                   ------
                                                   |...=|
                                                   |....|      --------
                                                   |....|     #......<|
         -------------                             |....|  ####|......|
         |..........^|                             |@...| #####.......|
         |...........|                             --r---  #   --------
         |..........>.###########                   ####   #
         |.........[.|          #                     #   ##
         -------------          #                     #  ##
                                #                     ####
                                #                    ####
                                #                     -.----------
                                #                     |..........|
                                #                     |..........|
                                #             ########.[.........|
                                ###############       |..........|
                                                      |........%.|
                                                      ------------

ARFwashere the Field Worker  St:13 Dx:8 Co:14 In:14 Wi:16 Ch:11  Lawful
Dlvl:6  $:53 HP:0(43) Pw:13(13) AC:5  Xp:5 T:2879  Hungry   Burdened

Latest messages:
 What do you want to eat? [dQU or ?*] ?
 The tin opens like magic!
 It smells like dwarves.
 Eat it? [yn] (n) n
 You discard the open tin.
 You hit the lichen.
 You miss the lichen.
 The lichen touches you!
 You miss the lichen.
 You kill the lichen!
 You hit the brown mold.
 You hit the brown mold.
 You are suddenly very cold!
 You hit the brown mold.
 You kill the brown mold!
 You see here a brown mold corpse.
 There is a brown mold corpse here; eat it? [ynq] (n) y
 This brown mold corpse tastes okay.
 You stop eating the brown mold corpse.
 You see here a partly eaten brown mold corpse.
 There is a partly eaten brown mold corpse here; eat it? [ynq] (n) y
 You consume the last bite of your meal.
 You finish eating the brown mold corpse.
 You hit the rabid rat.
 The rabid rat bites!
 You hit the rabid rat.
 The rabid rat bites!
 You hit the rabid rat.
 The rabid rat bites!
 The rabid rat's bite was poisoned!
 The rabid rat bites!
 You hit the rabid rat.
 The rabid rat misses!
 What do you want to drop? [$ac-km-swyAE-GMOPR-U or ?*] <enter>
 Never mind.
 What do you want to use or apply? [ae-iyGMO or ?*] <space>
 Never mind.
 What do you want to drop? [$ac-km-swyAE-GMOPR-U or ?*] n
 You drop 2 uncursed emerald potions.
 The rabid rat bites!
 What do you want to drink? [kopwAEO or ?*] k
 You are suddenly moving much faster.
 Your quickness feels very natural.
 The rabid rat bites!
 You die...
 Do you want your possessions identified? [ynq] (y) y
 Do you want to see your attributes? [ynq] (y) y
 Do you want an account of creatures vanquished? [ynaq] (y) n
 Do you want to see your conduct and achievements? [ynq] (y) y
 Do you want to see the dungeon overview? [ynq] (y) n

Inventory:
 Coins    ('$')
  $ - 53 gold pieces
 Weapons  (')')
  F - 10 +3 darts
  a - a +2 bullwhip
 Armor    ('[')
  c - an uncursed +0 fedora (being worn)
  r - an uncursed +0 small shield (being worn)
  T - an uncursed +0 scale mail (being worn)
 Comestibles  ('%')
  d - 2 uncursed food rations
  U - 2 uncursed fortune cookies
 Scrolls  ('?')
  P - 3 uncursed scrolls of blank paper
  S - an uncursed scroll of enchant weapon
  m - an uncursed scroll of gold detection
  s - an uncursed scroll of identify
  q - a cursed scroll of light
  j - an uncursed scroll of stinking cloud
 Potions  ('!')
  o - an uncursed potion of extra healing
  E - an uncursed potion of gain ability
  w - a blessed potion of healing
  O - an uncursed potion of oil
  A - a blessed potion of paralysis
  p - an uncursed potion of restore ability
 Rings    ('=')
  R - an uncursed ring of poison resistance
 Tools    ('(')
  i - an empty uncursed sack
  y - a cursed brass lantern
  h - an uncursed oil lamp
  M - an uncursed oil lamp
  e - a +0 pick-axe (weapon in right hand)
  G - an uncursed tin whistle
  f - a tinning kit (0:38)
 Gems/Stones  ('*')
  g - an uncursed touchstone

ARFwashere the Archeologist's attributes:

Background:
 You were a Field Worker, a level 5 male dwarven Archeologist.
 You were lawful, on a mission for Quetzalcoatl
 who was opposed by Camaxtli (neutral) and Huhetotl (chaotic).
 You were right-handed.
 You were in the Dungeons of Doom, on level 6.
 You entered the dungeon 2879 turns ago.
 It was nighttime.
 You had 168 experience points, 152 more were needed to attain level 6.

Basics:
 You had 0 out of 43 hit points.
 You had all 13 energy points (spell power).
 Your armor class was 5.
 Your wallet contained 53 zorkmids.
 Autopickup was on for '$' plus thrown.

Final Characteristics:
 Your strength was 13 (limit:18/100).
 Your dexterity was 8 (limit:20).
 Your constitution was 14 (limit:20).
 Your intelligence was 14 (limit:16).
 Your wisdom was 16 (limit:16).
 Your charisma was 11 (limit:16).

Final Status:
 You were hungry.
 You were burdened; movement was slightly slowed.
 You were wielding a pick-axe.
 You had basic skill with pick-axe.

Final Attributes:
 You were piously aligned.
 You had automatic searching.
 You had infravision.
 You were stealthy.
 You were warded.
 Your spell casting was impaired by metallic armor.
 You were very fast.
 You were lucky.
 You are dead.

Miscellaneous:
 You didn't encounter any bones levels.
 Total elapsed playing time was 53 minutes and 41 seconds.

Major events:
 Turn
    1: ARFwashere the lawful male dwarven Archeologist entered the dungeon
   56: entered the Gnomish Mines
 1286: attained the rank of Field Worker (level 3)
 1537: read a Discworld novel
 2879: killed by a rabid rat

Spells:
 Name                 Level Category     Fail Retention
 knock                  1   matter        98%  76%-100%

Skills:
 Fighting Skills
   bare handed combat [Unskilled]
   two weapon combat  [Unskilled]
   riding             [Unskilled]
 Weapon Skills
   dagger             [Unskilled]
   knife              [Unskilled]
   pick-axe           [Basic]
   short sword        [Unskilled]
   saber              [Unskilled]
   club               [Unskilled]
   quarterstaff       [Unskilled]
   sling              [Unskilled]
   dart               [Unskilled]
   boomerang          [Unskilled]
   whip               [Basic]
   unicorn horn       [Unskilled]
 Spellcasting Skills
   attack spells      [Unskilled]
   healing spells     [Unskilled]
   divination spells  [Unskilled]
   matter spells      [Unskilled]

Voluntary challenges:
 Character rerolling was not enabled.
 You never genocided any monsters.
 You never polymorphed an object.
 You never changed form.
 You used no wishes.
Achievements:
 You entered the Gnomish Mines.
 You entered a shop.
 You attained the rank of Field Worker.
 You read from a Discworld novel.

 The Dungeons of Doom: levels 1 to 6
    Level 1:
       A fountain, a sink.
    Level 2:
       A weapon shop, an altar to Quetzalcoatl, a fountain.
       Stairs down to The Gnomish Mines.
    Level 3:
       A general store.
    Level 4:
       A scroll shop.
    Level 5:
    Level 6: <- You were here.
       Final resting place for
          you, killed by a rabid rat.
 The Gnomish Mines:
    Level 3:


Vanquished creatures:
  a small mimic
  a human zombie
  a rock mole
  a shrieker
  a straw golem
  a paper golem
  2 giant ants
  a monkey
 an orc zombie
  a wererat
  a werejackal
 an acid blob
  a gas spore
  a giant rat
  a brown mold
  6 geckos
  a jackal
  4 foxes
  a kobold
  3 sewer rats
  4 grid bugs
  2 bats
  4 lichens
  a kobold zombie
42 creatures vanquished.

No species were genocided or became extinct.

Game over:
                       ----------
                      /          \
                     /    REST    \
                    /      IN      \
                   /     PEACE      \
                  /                  \
                  |    ARFwashere    |
                  |      53 Au       |
                  |   killed by a    |
                  |    rabid rat     |
                  |                  |
                  |                  |
                  |       2026       |
                 *|     *  *  *      | *
        _________)/\\_//(\/(/\)/\//\/|_)_______

Goodbye ARFwashere the Archeologist...

You died in The Dungeons of Doom on dungeon level 6 with 990 points,
and 53 pieces of gold, after 2879 moves.
You were level 5 with a maximum of 43 hit points when you died.

